AoeStats
← Miguel Grau

Arena

516886156Analyzed
3v3 RM · 9d ago on Oct 28, 2026· 50m 14s· 6 players
Game mode
Random Map
Map size
Normal (6 player)
Population
200
Speed
Normal
Resources
Standard
Victory
Conquest
Starting age
Dark Age
Ending age
Imperial Age
RankedLock teamsTeams togetherTeam positionsShared explorationLock speedFull tech treeHidden civsTurbo modeCheats
Victory
Defeat
🇺🇸 Teutons · United States
1099
+14
🇺🇸 Britons · United States
1097
+14
🇺🇸 Japanese · United States
1049
+16
vs
🇵🇪 Turks · Peru
1146
-19
🇵🇪 Hindustanis · Peru
1030
-14
🇵🇪 Vikings · Peru
960
-11
Execute290
7:09 Loom
12:49 Feudal Age
16:24 Castle Age
20:33 Imperial Age
18:51 Double-Bit Axe
18:48 Horse Collar
32:13 Padded Archer Armor
37:04 Wheelbarrow
37:34 Bloodlines
37:24 Husbandry
37:31 Scale Barding Armor
37:36 Forging
37:42 Leather Archer Armor
38:25 Bow Saw
39:34 Chain Barding Armor
39:42 Hand Cart
39:29 Heavy Plow
41:03 Iron Casting
42:20 Plate Barding Armor
44:10 Blast Furnace
45:52 Ring Archer Armor
Dipsy
11:55 Feudal Age
16:18 Castle Age
16:10 Gold Mining
16:11 Stone Mining
16:02 Horse Collar
16:09 Double-Bit Axe
17:20 Bow Saw
21:56 Wheelbarrow
23:29 Redemption
23:13 Fletching
24:31 Hand Cart
24:48 Pikeman
26:09 Squires
27:10 Gold Shaft Mining
28:12 Town Watch
31:10 Forging
31:00 Scale Mail Armor
32:57 Iron Casting
37:37 Imperial Age
35:37 Heavy Plow
36:32 Bodkin Arrow
37:23 Murder Holes
37:49 Ballistics
37:45 Thumb Ring
37:00 Elite Skirmisher
38:21 Stone Shaft Mining
38:59 Town Patrol
42:25 Two-Man Saw
41:01 Heavy Camel Rider
41:51 Bloodlines
41:41 Husbandry
42:16 Light Cavalry
43:02 Hussar
45:14 Blast Furnace
44:19 Scale Barding Armor
45:23 Elite Ghulam
49:08 Chain Mail Armor
48:53 Bracer
Miguel Grau
3:33 Loom
13:31 Feudal Age
15:12 Double-Bit Axe
17:59 Stone Mining
20:12 Castle Age
18:46 Fletching
20:58 Crossbowman
23:00 Horse Collar
27:48 Bow Saw
28:14 Gold Mining
29:31 Treadmill Crane
30:09 Bodkin Arrow
33:14 Gold Shaft Mining
35:44 Imperial Age
35:01 Ballistics
34:54 Fortified Wall
36:17 Padded Archer Armor
37:06 Arbalester
44:25 Two-Man Saw
Sir Kenticus
10:09 Feudal Age
10:37 Double-Bit Axe
10:33 Horse Collar
14:17 Castle Age
12:33 Horse Collar
19:50 Gold Mining
20:10 Stone Mining
21:52 Wheelbarrow
21:04 Loom
21:46 Bow Saw
23:09 Stone Shaft Mining
23:37 Fletching
24:12 Fortified Wall
24:14 Scale Mail Armor
25:27 Town Watch
26:42 Heavy Plow
30:20 Imperial Age
28:00 Guard Tower
28:14 Bodkin Arrow
29:03 Chain Mail Armor
29:11 Forging
29:31 Squires
29:17 Arson
30:55 Capped Ram
32:12 Elite Teutonic Knight
33:16 Crenellations
33:43 Plate Mail Armor
33:48 Iron Casting
34:27 Two-Man Saw
34:00 Crop Rotation
34:01 Conscription
34:17 Hoardings
34:40 Ironclad
35:34 Caravan
37:16 Hand Cart
40:50 Blast Furnace
40:14 Ballistics
40:05 Masonry
40:02 Siege Engineers
41:58 Chemistry
43:21 Keep
45:11 Onager
46:41 Coinage
46:30 Siege Onager
48:17 Pikeman
48:57 Halberdier
51:11 Banking
50:56 Guilds
King James III
5:39 Loom
11:07 Feudal Age
18:10 Castle Age
16:24 Double-Bit Axe
16:28 Horse Collar
23:17 Stone Mining
24:43 Elite Skirmisher
25:45 Fletching
25:56 Padded Archer Armor
27:18 Bodkin Arrow
27:46 Ballistics
32:30 Masonry
33:13 Squires
34:34 Arson
35:01 Scale Mail Armor
34:45 Treadmill Crane
36:52 Wheelbarrow
36:33 Heavy Plow
38:14 Hand Cart
41:31 Imperial Age
38:50 Town Watch
39:32 Bow Saw
40:57 Thumb Ring
41:25 Chain Mail Armor
41:23 Forging
42:06 Elite Samurai
43:20 Plate Mail Armor
45:01 Iron Casting
47:00 Kataparuto
46:49 Siege Engineers
47:29 Hoardings
Quintonius
10:11 Feudal Age
8:27 Loom
11:14 Horse Collar
11:23 Double-Bit Axe
16:43 Castle Age
14:30 Loom
15:31 Stone Mining
18:18 Bow Saw
18:15 Heavy Plow
19:15 Stone Mining
21:23 Gold Mining
22:55 Gold Shaft Mining
22:13 Crossbowman
26:04 Wheelbarrow
27:04 Fletching
27:15 Padded Archer Armor
27:43 Ballistics
28:41 Bodkin Arrow
29:03 Leather Archer Armor
33:18 Imperial Age
33:23 Arbalester
34:11 Bracer
34:41 Ring Archer Armor
34:35 Yeomen
34:35 Conscription
35:36 Wheelbarrow
36:30 Hoardings
35:19 Elite Longbowman
36:54 Hoardings
38:56 Two-Man Saw
38:14 Hand Cart
39:01 Warwolf
39:09 Siege Engineers
41:30 Chemistry
47:07 Murder Holes
Connection lost

Rejoining the realm…

Still unreachable

The connection could not be restored.

Session expired

The server has moved on; the page needs a fresh start.